 Dungeon Crawl Stone Soup version 0.30-b1-2-g02819fbbbe (webtiles) character file.

Game seed: 8371495645289760519

154 nightchill the Skirmisher (level 5, -1/41 HPs)
             Began as a Gnoll Wanderer on Sept 19, 2023.
             Was an Initiate of Kikubaaqudgha.
             Killed from afar by Ijyb (6 damage)
             ... with a bolt of dispelling energy
             ... on level 4 of the Dungeon.
             The game lasted 00:06:14 (2405 turns).

nightchill the Skirmisher (Gnoll Wanderer)          Turns: 2405, Time: 00:06:15

Health: -1/41      AC:  4    Str:  9    XL:     5   Next: 35%
Magic:  9/9        EV: 12    Int: 12    God:    Kikubaaqudgha [......]
Gold:   186        SH:  0    Dex: 15    Spells: 9/10 levels left

rFire   . . .        a - +1 dagger (venom)
rCold   . . .        (no shield)
rNeg    . . .        d - +0 robe
rPois   .            (no helmet)
rElec   .            r - +1 cloak
rCorr   .            (no gloves)
SInv    .            (no boots)
Will    .....        (no amulet)
Stlth   ++           (no ring)
HPRegen 0.26/turn    (no ring)
MPRegen 0.11/turn

%: no passive effects
@: lethally poisoned (-1 -> -28)
A: fangs 1, strong nose, distributed training
a: Renounce Religion


You were on level 4 of the Dungeon.
You worshipped Kikubaaqudgha.
Kikubaaqudgha was noncommittal.
You visited 1 branch of the dungeon, and saw 4 of its levels.

You collected 186 gold pieces.

Inventory:

Hand Weapons
 a - a +1 dagger of venom (weapon)
 b - a +2 sling
 q - a +4 quarterstaff of chaos
Missiles
 s - a throwing net
Armour
 d - a +0 robe (worn)
 o - a +0 scale mail
 r - a +1 cloak (worn)
Wands
 u - a wand of polymorph (3)
Scrolls
 g - 9 scrolls of identify {unknown}
 k - a scroll of poison {unknown}
 m - 3 scrolls of immolation
 n - 3 scrolls of teleportation {unknown}
 p - a scroll of vulnerability {unknown}
 t - 3 scrolls of noise {unknown}
Potions
 c - 3 potions of invisibility
 e - a potion of degeneration {unknown}
 f - a potion of attraction {unknown}
 h - 3 potions of mutation {unknown}
 i - 2 potions of lignification {unknown}
 j - 2 potions of berserk rage {unknown}
 l - a potion of magic {unknown}


   Skills:
 + Level 3.0 Fighting
 + Level 1.5 Short Blades
 + Level 1.5 Long Blades
 + Level 1.5 Axes
 + Level 1.5 Maces & Flails
 + Level 1.5 Polearms
 + Level 1.5 Staves
 + Level 8.6 Ranged Weapons
 + Level 1.5 Throwing
 + Level 3.0 Armour
 + Level 1.5 Dodging
 + Level 1.5 Stealth
 + Level 1.5 Shields
 + Level 1.5 Unarmed Combat
 + Level 3.2 Spellcasting
 + Level 1.2 Conjurations
 + Level 1.2 Hexes
 + Level 1.2 Summonings
 + Level 4.0 Necromancy
 + Level 1.2 Translocations
 + Level 1.2 Transmutations
 + Level 1.2 Fire Magic
 + Level 1.2 Ice Magic
 + Level 1.2 Air Magic
 + Level 1.2 Earth Magic
 + Level 1.2 Poison Magic
 + Level 1.7 Invocations
 + Level 3.0 Evocations


You had 9 spell levels left.
You knew the following spells:

 Your Spells              Type           Power      Damage    Failure   Level
a - Kiss of Death         Conj/Necr      32%        2d7       9%          1

Your spell library contained the following spells:

 Spells                   Type           Power      Damage    Failure   Level
 Vampiric Draining        Necr           11%        2d6       14%         3
 Ensorcelled Hibernation  Hex/Ice        8%         N/A       22%         2
 Passwall                 Tmut/Erth      3%         N/A       22%         2
 Swiftness                Air            4%         N/A       41%         3


Dungeon Overview and Level Annotations

Branches:
Dungeon (4/15)
 Temple: D:4-7

Altars:
Fedhas
Kikubaaqudgha

Shops:
D:2 (

Annotations:
D:1 exclusion: downstairs
D:4 Ijyb


Innate Abilities, Weirdness & Mutations

You have very sharp teeth.
Your uncanny sense of smell can sniff out nearby items.
Your experience applies equally to all skills.


Message History

You shoot a sling bullet.
The sling bullet hits Ijyb but does no damage.
Ijyb is lightly wounded.
Your +1 dagger of venom begins to drip with poison!
a - a +1 dagger of venom (weapon)
Ijyb hits you with a +2 dagger of venom.
You are poisoned.
You hit Ijyb but do no damage.
Ijyb is lightly wounded.
You feel very sick. Ijyb completely misses you.
You miss Ijyb.
Ijyb is lightly wounded.
You feel very sick.
Ijyb hits you with a +2 dagger of venom.
You are more poisoned.
You hit Ijyb but do no damage.
Ijyb is poisoned.
Ijyb is lightly wounded.
You feel very sick.
You hit Ijyb but do no damage.
Ijyb is lightly wounded.
You feel sick.
Ijyb hits you with a +2 dagger of venom.
You are more poisoned.
You hit Ijyb.
Ijyb looks as sick as possible!
Ijyb is lightly wounded.
* * * LOW HITPOINT WARNING * * *
You feel very sick.
Ijyb hits you with a +2 dagger of venom.
* * * LOW HITPOINT WARNING * * *
You are more poisoned.
Okay, then.
Ijyb attacks as you move away! Ijyb hits you but does no damage.
You are more poisoned.
* * * LOW HITPOINT WARNING * * *
You feel extremely sick.
Ijyb zaps a wand.
The bolt of dispelling energy hits you.
You die...
Kikubaaqudgha rasps: "You have failed me!
Welcome... death!"

#######.#
###########..<....##
#...................#
#.#########.#######.#
#.# ######...#### #.#
#........@.g# #.#
#.####<..##....# #.#
#.# ##.## ###...# #.#
#.# #... ... #.###.#
#.... . #.....#
##.### ####..# .#
#..# #.##


You could see Ijyb (extremely poisoned).

Vanquished Creatures
  Crazy Yiuf (D:2)
  3 gnolls (D:2)
  4 adders
  2 worms (D:2)
  4 dart slugs
  An orc (D:3)
  A ball python (D:3)
  3 bats
  3 endoplasms
  2 giant cockroaches (D:2)
  8 goblins
  3 hobgoblins
  3 kobolds
  A quokka (D:2)
  3 frilled lizards
  7 rats
49 creatures vanquished.

Notes
Turn   | Place    | Note
-------+----------+-------------------------------------------
     0 | D:1      | nightchill the Gnoll Wanderer began the quest for the Orb.
     0 | D:1      | nightchill set off with the following items: a +2 sling, a
                  | wand of polymorph (3), a potion of invisibility, a +0 robe;
                  | and the following spell memorised: Kiss of Death; and the
                  | following spells available to memorise: Vampiric Draining.
     0 | D:1      | Reached XP level 1. HP: 17/17 MP: 4/4
   402 | D:1      | Reached XP level 2. HP: 23/23 MP: 5/5
   921 | D:2      | Reached XP level 3. HP: 28/28 MP: 7/7
   960 | D:2      | Reached skill level 1 in Invocations
  1156 | D:2      | Reached skill level 1 in Short Blades
  1156 | D:2      | Reached skill level 1 in Long Blades
  1156 | D:2      | Reached skill level 1 in Axes
  1156 | D:2      | Reached skill level 1 in Maces & Flails
  1156 | D:2      | Reached skill level 1 in Polearms
  1156 | D:2      | Reached skill level 1 in Staves
  1156 | D:2      | Reached skill level 1 in Throwing
  1156 | D:2      | Reached skill level 1 in Dodging
  1156 | D:2      | Reached skill level 1 in Stealth
  1156 | D:2      | Reached skill level 1 in Shields
  1156 | D:2      | Reached skill level 1 in Unarmed Combat
  1179 | D:2      | Reached XP level 4. HP: 34/34 MP: 8/8
  1479 | D:2      | Found a runed translucent door.
  1480 | D:2      | Noticed Crazy Yiuf
  1488 | D:2      | Killed Crazy Yiuf
  1489 | D:2      | Reached skill level 1 in Conjurations
  1489 | D:2      | Reached skill level 1 in Hexes
  1489 | D:2      | Reached skill level 1 in Summonings
  1489 | D:2      | Reached skill level 1 in Translocations
  1489 | D:2      | Reached skill level 1 in Transmutations
  1489 | D:2      | Reached skill level 1 in Fire Magic
  1489 | D:2      | Reached skill level 1 in Ice Magic
  1489 | D:2      | Reached skill level 1 in Air Magic
  1489 | D:2      | Reached skill level 1 in Earth Magic
  1489 | D:2      | Reached skill level 1 in Poison Magic
  1669 | D:2      | Reached XP level 5. HP: 38/39 MP: 9/9
  1684 | D:2      | Found a blossoming altar of Fedhas.
  1688 | D:2      | Found Yrphorowo's Weapon Emporium.
  1906 | D:3      | Found an ancient bone altar of Kikubaaqudgha.
  1911 | D:3      | Became a worshipper of Kikubaaqudgha
  1993 | D:3      | Found a faded altar of an unknown god.
  2394 | D:4      | Noticed Ijyb
  2405 | D:4      | Killed from afar by Ijyb

Illustrated notes

Levels and vault maps discovered:
D:1:      erik_arrival_triangle_medium, layout_basic
D:2:      layout_loops_cross, basic_altar, serial_shops, shop,
          uniq_crazy_yiuf_cottage
D:3:      layout_basic, mainiacjoe_overflow_alcove_2,
          hellmonk_ecumenical_altar_blasted
D:4:      layout_loops_ring, temple_doors_cd, minmay_increasing_density,
          uniq_ijyb

Skill      XL: |  1  2  3  4  5 |
---------------+----------------+-----
Invocations    | 1 |  1.7
Short Blades   | 1 |  1.5
Long Blades    | 1 |  1.5
Axes           | 1 |  1.5
Maces & Flails | 1 |  1.5
Polearms       | 1 |  1.5
Staves         | 1 |  1.5
Throwing       | 1 |  1.5
Dodging        | 1 |  1.5
Stealth        | 1 |  1.5
Shields        | 1 |  1.5
Unarmed Combat | 1 |  1.5
Spellcasting   | 3 |  3.2
Conjurations   | 1 |  1.2
Hexes          | 1 |  1.2
Summonings     | 1 |  1.2
Translocations | 1 |  1.2
Transmutations | 1 |  1.2
Fire Magic     | 1 |  1.2
Ice Magic      | 1 |  1.2
Air Magic      | 1 |  1.2
Earth Magic    | 1 |  1.2
Poison Magic   | 1 |  1.2
Fighting       | 3 |  3.0
Armour         | 3 |  3.0
Evocations     | 3 |  3.0
Necromancy     | 4 |  4.0
Ranged Weapons | |  8.6

Action                     |  1- 3 |  4- 6 || total
---------------------------+-------+-------++-------
  Melee: Dagger            |       |     5 ||     5
   Fire: Sling             |    65 |    88 ||   153
   Cast: Kiss of Death     |       |     1 ||     1
 Armour: Robe              |     5 |     5 ||    10
  Dodge: Dodged            |    12 |     8 ||    20
